 Dungeon Crawl Stone Soup version 0.17.0-28-g6e173f8 (webtiles) character file.

13073 4thArraOfDagon the Severer (level 11, 0/102 HPs)
             Began as a Minotaur Berserker on Nov 22, 2015.
             Was a Believer of Trog.
             Slain by a hornet (12 damage)
             ... on level 8 of the Lair of Beasts.
             The game lasted 00:15:37 (2562 turns).

4thArraOfDagon the Severer (Minotaur Berserker)     Turns: 2562, Time: 00:15:37

Health: 0/102      AC: 10    Str: 22    XL:     11   Next: 70%
Magic:  10/10      EV: 11    Int:  7    God:    Trog [**....]
Gold:   242        SH:  0    Dex: 10    Spells: 0 memorised, 10 levels left

rFire  . . .     SeeInvis .     a - +1 hand axe
rCold  + . .     Clarity  .     u - +0 ring mail "Alatsu Xoli" {rPois} (curse)
rNeg   . . .     SustAt   .     (no shield)
rPois  +         Gourm    .     (helmet restricted)
rElec  .         Spirit   .     k - +1 cloak
rCorr  .         Warding  .     (no gloves)
rMut   .         Stasis   .     (no boots)
MR     ++...                    (no amulet)
Stlth  +.........               (no ring)
                                h - ring of protection from cold

@: exhausted, regenerating, very resistant to hostile enchantments, very
unstealthy
A: retaliatory headbutt, horns 2
a: Berserk, Trog's Hand, Burn Spellbooks, Renounce Religion


You were on level 8 of the Lair of Beasts.
You worshipped Trog.
Trog was pleased with you.
You were not hungry.

You visited 2 branches of the dungeon, and saw 18 of its levels.

You collected 332 gold pieces.
You spent 90 gold pieces at shops.

Inventory:

Hand Weapons
 a - a +1 hand axe (weapon)
 p - a +2 morningstar of protection
Armour
 k - a +1 cloak (worn)
 s - a +0 plate armour
 u - the cursed +0 ring mail "Alatsu Xoli" (worn) {rPois}
   (You found it on level 3 of the Lair of Beasts)

   It protects you from poison.
   It has a curse placed upon it.
Magical Staves
 B - an uncursed staff of fire {unknown}
Jewellery
 h - a ring of protection from cold (left hand)
Wands
 r - a wand of fireball (2)
 y - a wand of lightning (2)
Scrolls
 b - a scroll of enchant weapon
 d - a scroll of immolation
 e - a scroll of enchant armour
 m - a scroll of magic mapping
 n - a scroll of fear
 x - a scroll of remove curse
 z - a scroll of recharging {unknown}
Potions
 f - a potion of cure mutation
 g - 2 potions of curing
 i - a potion of agility {unknown}
 v - a potion of ambrosia {unknown}
 w - a potion of invisibility {unknown}
 A - a potion of haste {unknown}
Comestibles
 c - 3 bread rations
 o - 17 fruits
 q - 3 meat rations


   Skills:
 - Level 11.1 Fighting
 * Level 16.1 Axes
 - Level 11.1 Armour
 - Level 2.1 Dodging


You had 10 spell levels left.
You didn't know any spells.

Dungeon Overview and Level Annotations

Branches:
Dungeon (11/15)            Temple (0/1) D:7            Lair (8/8) D:11
  Swamp: Lair:3-6    Shoals: Lair:3-6     Snake: Lair:3-6    Spider: Lair:3-6
  Slime: Lair:6-8       Orc: D:9-12

Altars:
Okawaru

Shops:
D:7 ?

Annotations:
D:11 Fannar
Lair:3 Nergalle
Lair:4 Rupert
Lair:6 SLIMESPIDER, exclusion: 3 oklob plants


Innate Abilities, Weirdness & Mutations

You reflexively headbutt those who attack you in melee.
You have a pair of horns on your head.


Message History

* * * LOW HITPOINT WARNING * * *
Unknown command.
Unknown command.
Unknown command.
You slash the hornet! Your headbutt misses the hornet.
The hornet is lightly wounded.
The hornet stings you but does no damage.
Unknown command.
Unknown command.
Unknown command.
You hit the hornet. Your headbutt misses the hornet.
The hornet is lightly wounded.
The hornet barely misses you.
Unknown command.
Unknown command.
Unknown command.
You closely miss the hornet.
The hornet is lightly wounded.
The hornet stings you!
You die...

#..#.............................
.PP......................P.......
..P.........#....P..#.....P......
#PPPP#.......#.##..###...#.......
##PP†P......#..#..#.......#..P##.
.P..P.......#....................
............#.......#.........##.
†..P.##......#P##yPP..<........##
††....#.PP..PP.#@..P....#.....P..
##†...##......##....##...#.......
###....#......#....###P.....PPP##
..##...##....##...##.....#..P.##.
...##...#....#...##..........P...
....##..##..##..## ...PP.........
.....##.†#..#$.# ....P.........
#.....##†####.# .###P.........
#....#..### ##P....<†..


You could see a hornet.

Vanquished Creatures
  A hill giant (D:11)
  3 black mambas
  A guardian serpent (Lair:8)
  3 komodo dragons
  7 spiny frogs
  7 blink frogs
  A polar bear (Lair:5)
  A redback (Lair:8)
  26 yaks
  A basilisk (Lair:5)
  A hippogriff (Lair:7)
  5 porcupines
  A wasp (Lair:8)
  8 water moccasins
  6 spiders
  5 crocodiles
  5 giant frogs
  A scorpion (D:4)
  2 hounds
  A jelly (D:11)
  An orc wizard (Lair:1)
  An iguana (Lair:2)
  2 worker ants
  A hound skeleton (D:5)
  5 adders
  A giant gecko (D:7)
  4 orcs
  4 bats (D:1)
  A giant cockroach (D:2)
  A hobgoblin (D:1)
  4 jackals (D:1)
  4 giant newts
  A goblin (D:1)
  3 kobolds
  2 rats (D:3)
  3 fungi
  2 plants (Lair:8)
126 creatures vanquished.

Vanquished Creatures (others)
  An orc (D:11)
  3 fungi
  3 plants
7 creatures vanquished.

Grand Total: 133 creatures vanquished

Notes
Turn   | Place    | Note
--------------------------------------------------------------
     0 | D:1      | 4thArraOfDagon the Minotaur Berserker began the quest for the Orb.
     0 | D:1      | Reached XP level 1. HP: 19/19 MP: 0/0
    48 | D:1      | Reached XP level 2. HP: 26/27 MP: 1/1
    53 | D:1      | Reached skill level 4 in Axes
   162 | D:2      | Reached ** piety under Trog
   174 | D:3      | Reached XP level 3. HP: 2/33 MP: 2/2
   203 | D:4      | HP: 1/33 [orc/mace (5)]
   223 | D:4      | Noticed a scorpion
   234 | D:4      | Killed a scorpion
   234 | D:4      | Reached skill level 5 in Axes
   234 | D:4      | Reached XP level 4. HP: 33/41 MP: 3/3
   264 | D:5      | Entered Level 5 of the Dungeon
   385 | D:7      | Found a staircase to the Ecumenical Temple.
   421 | D:7      | Found Cumig's Magic Scroll Emporium.
   425 | D:7      | Found an iron altar of Okawaru.
   430 | D:7      | Bought a scroll of identify for 24 gold pieces
   430 | D:7      | Bought a scroll of magic mapping for 42 gold pieces
   430 | D:7      | Bought a scroll of identify for 24 gold pieces
   446 | D:7      | You fall through a shaft for 3 floors!
   446 | D:10     | Entered Level 10 of the Dungeon
   499 | D:11     | Reached XP level 5. HP: 47/47 MP: 4/4
   515 | D:11     | Noticed a hill giant
   526 | D:11     | Killed a hill giant
   526 | D:11     | Reached skill level 6 in Fighting
   526 | D:11     | Reached skill level 7 in Axes
   526 | D:11     | Reached skill level 5 in Armour
   526 | D:11     | Reached XP level 6. HP: 45/57 MP: 5/5
   526 | D:11     | Reached XP level 7. HP: 49/63 MP: 6/6
   573 | D:11     | Noticed an eight-headed hydra
   666 | D:11     | Noticed Fannar
   693 | D:11     | Found a staircase to the Lair.
   700 | Lair:1   | Entered Level 1 of the Lair of Beasts
   711 | Lair:1   | Reached skill level 8 in Axes
   760 | Lair:1   | Noticed a spiny frog
   770 | Lair:1   | Killed a spiny frog
   770 | Lair:1   | Reached skill level 9 in Axes
   770 | Lair:1   | Reached XP level 8. HP: 71/71 MP: 7/7
   800 | Lair:2   | Noticed a blink frog
   800 | Lair:2   | Noticed a blink frog
   800 | Lair:2   | Noticed a blink frog
   973 | Lair:2   | Reached skill level 10 in Axes
  1023 | Lair:3   | Reached XP level 9. HP: 64/81 MP: 8/8
  1027 | Lair:3   | Reached skill level 11 in Axes
  1118 | Lair:3   | Got a distressingly furry ring mail
  1122 | Lair:3   | Identified the cursed +0 ring mail "Alatsu Xoli" {rPois} (You found it on level 3 of the Lair of Beasts)
  1152 | Lair:3   | Noticed Nergalle
  1154 | Lair:3   | You fall through a shaft!
  1164 | Lair:4   | Reached skill level 12 in Axes
  1165 | Lair:4   | Reached *** piety under Trog
  1205 | Lair:4   | Noticed a black mamba
  1210 | Lair:4   | Killed a black mamba
  1210 | Lair:4   | Reached XP level 10. HP: 41/91 MP: 9/9
  1272 | Lair:4   | Noticed Rupert
  1273 | Lair:4   | thanks for nice weapon
  1551 | Lair:5   | Reached skill level 13 in Axes
  1701 | Lair:6   | Noticed an oklob plant
  1701 | Lair:6   | Noticed an oklob plant
  1701 | Lair:6   | Noticed an oklob plant
  1758 | Lair:6   | Reached skill level 10 in Fighting
  1826 | Lair:7   | Reached skill level 10 in Armour
  1980 | Lair:7   | Reached skill level 14 in Axes
  2050 | Lair:7   | Reached XP level 11. HP: 69/101 MP: 10/10
  2124 | Lair:8   | Entered Level 8 of the Lair of Beasts
  2224 | Lair:7   | Noticed a black mamba
  2237 | Lair:7   | Killed a black mamba
  2417 | Lair:8   | Reached skill level 15 in Axes
  2540 | Lair:8   | Reached skill level 16 in Axes
  2562 | Lair:8   | Slain by a hornet

Action                   |  1- 3 |  4- 6 |  7- 9 | 10-12 || total
-------------------------+-------+-------+-------+-------++-------
Melee: Hand axe          |    44 |    33 |    97 |   247 ||   421
Invok: Berserk           |     3 |     1 |     8 |    10 ||    22
       Trog's Hand       |     3 |       |     3 |    23 ||    29
Evoke: Wand              |       |       |       |     4 ||     4
  Use: Potion            |     1 |       |       |     7 ||     8
       Scroll            |       |     1 |     5 |     7 ||    13
 Stab: Distracted        |       |       |       |     1 ||     1
  Eat: Chunk             |       |     2 |     6 |    15 ||    23
       Fruit             |       |       |    10 |       ||    10
       Pizza             |       |       |       |     1 ||     1
